 Dungeon Crawl Stone Soup version 0.22-a0-265-g0d8bc90 (webtiles) character file.

8260 Kidiri the Thaumaturge (level 11, -11/61 HPs)
             Began as a Deep Elf Fire Elementalist on Mar 7, 2018.
             Was a Priest of Vehumet.
             Mangled by a blink frog (20 damage)
             ... on level 1 of the Lair of Beasts.
             The game lasted 00:33:12 (11055 turns).

Kidiri the Thaumaturge (DEFE)                      Turns: 11055, Time: 00:33:13

Health: -11/61     AC:  4    Str:  5    XL:     11   Next: 7%
Magic:  13/37      EV: 18    Int: 31    God:    Vehumet [***...]
Gold:   826        SH:  0    Dex: 15    Spells: 9/32 levels left

rFire    . . .     SeeInvis .   v - +8 halberd of Strategic Superiority {venom, +Inv Int+7 Stlth-}
rCold    . . .     Gourm    .   (shield currently unavailable)
rNeg     . . .     Faith    .   q - +0 robe {Archmagi}
rPois    +         Spirit   .   (helmet restricted)
rElec    .         Reflect  .   L - +0 cloak
rCorr    .         Harm     .   (no gloves)
MR       ++...                  b - +0 pair of boots
Stlth    +.........             (no amulet)
HPRegen  0.20/turn              y - ring of magical power
MPRegen  0.25/turn              x - ring of Baomoxek {rPois MR+ EV+2}

@: no status effects
A: horns 1, blink, wild magic 1
a: Blink, Renounce Religion, Evoke Invisibility


You were on level 1 of the Lair of Beasts.
You worshipped Vehumet.
Vehumet was most pleased with you.
You were not hungry.

You visited 3 branches of the dungeon, and saw 11 of its levels.

You collected 826 gold pieces.

Inventory:

Hand Weapons
 v - the +8 halberd of Strategic Superiority (weapon) {venom, +Inv Int+7 Stlth-}
   (You found it on level 4 of the Dungeon)

   It poisons the flesh of those it strikes.
   It affects your intelligence (+7).
   It lets you turn invisible.
   It makes you less stealthy.
Armour
 b - a +0 pair of boots (worn)
 q - a +0 robe of the Archmagi (worn)
 L - a +0 cloak (worn)
Jewellery
 o - an uncursed ring of fire
 s - an uncursed ring of see invisible
 t - a +3 ring of dexterity
 x - the ring of Baomoxek (right hand) {rPois MR+ EV+2}
   (You acquired it on level 9 of the Dungeon)

   [ring of evasion]

   It affects your evasion (+2).
   It protects you from poison.
   It affects your resistance to hostile enchantments.
 y - a ring of magical power (left hand)
Wands
 i - a wand of disintegration (7)
 D - a wand of paralysis (20)
 E - a wand of enslavement (18)
Scrolls
 g - 5 scrolls of teleportation
 r - 7 scrolls of remove curse
Potions
 e - 3 potions of agility
 f - 2 potions of flight
 h - 6 potions of lignification
 k - a potion of curing
 m - 2 potions of brilliance
 A - a potion of haste
 C - a potion of might
Comestibles
 a - a chunk of flesh
 c - 13 rations


   Skills:
 + Level 4.1 Fighting
   Level 4.7 Short Blades
 + Level 3.9 Armour
 + Level 6.6 Dodging
 - Level 2.4 Stealth
 * Level 11.0 Spellcasting
 + Level 6.2 Conjurations
 + Level 7.1 Fire Magic
 + Level 3.1 Ice Magic
 + Level 4.1 Air Magic
 + Level 4.3 Poison Magic
 + Level 3.6 Evocations


You had 9 spell levels left.
You knew the following spells:

 Your Spells              Type           Power        Failure   Level  Hunger
a - Flame Tongue          Conj/Fire      #####        1%          1    None
b - Throw Flame           Conj/Fire      ######       1%          2    None
c - Conjure Flame         Conj/Fire      #######.     1%          3    None
d - Inner Flame           Hex/Fire       ######..     1%          3    None
e - Sticky Flame          Conj/Fire      #######.     1%          4    None
f - Fireball              Conj/Fire      #######...   2%          5    ##.....
g - Mephitic Cloud        Conj/Pois/Air  #######.     1%          3    None
h - Throw Frost           Conj/Ice       ######       1%          2    None


Dungeon Overview and Level Annotations

Branches:
Dungeon (9/15)             Temple (1/1) D:6            Lair (1/6) D:9
    Orc: D:9-12

Altars:
Ashenzari
Cheibriados
Dithmenos
Elyvilon
Fedhas
Gozag
Hepliaklqana
Kikubaaqudgha
Makhleb
Nemelex Xobeh
Okawaru
Qazlal
Ru
Sif Muna
Trog
Uskayaw
Vehumet
Wu Jian
Xom
Yredelemnul
Zin
The Shining One

Annotations:
D:9 MordorOrchid's ghost, novice SpAK
Lair:1 Gastronok


Innate Abilities, Weirdness & Mutations

You have a pair of small horns on your head.
You can translocate small distances at will.
Your spells are a little harder to cast, but a little more powerful.


Message History

The river rat misses you.
The blink frog completely misses Gastronok.
Unknown command.
Casting: Flame Tongue (safe; 1% risk of failure)
Confirm with . or Enter, or press ? or * to list all spells.
Aiming: Flame Tongue (safe; 1% risk of failure)
Press: ? - help, Shift-Dir - straight line, f/p - Gastronok
Aim: Gastronok, wearing a hat (severely wounded, poisoned, covered in liquid flames)
You feel a surge of power!
The flame tongue hits Gastronok.
Gastronok is severely wounded.
Gastronok burns!
Gastronok stops burning.
The rat completely misses you. The river rat misses you.
Gastronok waves his eye-stalks in wide circles.
The air twists around and strikes you!
* * * LOW HITPOINT WARNING * * *
You feel better.
The blink frog seems less confused.
The blink frog misses you. The rat closely misses you. The river rat bites you!
* * * LOW HITPOINT WARNING * * *
The blink frog hits you!!
You die...

............## .
#...........# .
. #..........##
..#.#..........#
....#..........#
..#............#
..F..§.†.......#
.##wF.......#
#@r.###..##
#r†.# #.(# ##..#
#..# #..# #..#
...# ..# .....
.##?.## ## #...
#...


You could see Gastronok, a blink frog, a river rat and a rat.

Vanquished Creatures
  Erica (D:8)
  A two-headed ogre (D:8)
  Maurice (D:9)
  A troll (D:5)
  The ghost of braks the Changer, an amateur DrTm (D:4)
  A polar bear (D:8)
  4 blink frogs (Lair:1)
  A hippogriff (D:7)
  5 yaks
  A porcupine (Lair:1)
  2 soldier ants (D:8)
  A black bear (D:7)
  2 ice beasts
  6 ogres
  3 orc warriors
  A sky beast (D:7)
  3 centaurs
  A crocodile (Lair:1)
  A big kobold (D:6)
  5 bullfrogs
  4 scorpions
  4 wights (D:9)
  A vampire bat (D:3)
  7 electric eels
  4 howler monkeys
  A crimson imp (D:8)
  A bullfrog zombie (D:5)
  4 orc priests
  5 hounds
  A bullfrog skeleton (D:4)
  7 orc wizards
  A centaur skeleton (D:9)
  Ijyb (D:3)
  2 gnoll shamans
  6 iguanas
  6 worker ants
  A hound zombie (D:8)
  A killer bee simulacrum (D:8)
  A worker ant zombie (D:5)
  A hound skeleton (D:7)
  7 gnolls
  9 adders
  4 shadow imps
  2 white imps (D:8)
  3 ufetubi (D:8)
  2 oozes
  An adder skeleton (D:9)
  An adder zombie (D:8)
  4 worms
  An adder simulacrum (D:8)
  5 leopard geckos
  27 orcs
  17 bats
  3 giant cockroaches
  7 goblins
  13 hobgoblins
  9 jackals
  13 kobolds
  A ball python skeleton (D:4)
  2 frilled lizards
  A leopard gecko skeleton (D:4)
  7 rats
240 creatures vanquished.

Vanquished Creatures (others)
  2 fungi (D:9)
  4 plants
6 creatures vanquished.

Grand Total: 246 creatures vanquished

Notes
Turn   | Place    | Note
-------+----------+-------------------------------------------
     0 | D:1      | Kidiri the Deep Elf Fire Elementalist began the quest for the Orb.
     0 | D:1      | Reached XP level 1. HP: 10/10 MP: 6/6
   226 | D:1      | Reached XP level 2. HP: 15/15 MP: 8/8
   230 | D:1      | Learned a level 2 spell: Throw Flame
   825 | D:1      | Reached skill level 4 in Spellcasting
   880 | D:1      | Reached XP level 3. HP: 17/19 MP: 6/10
   888 | D:1      | Learned a level 3 spell: Conjure Flame
   892 | D:1      | Learned a level 3 spell: Inner Flame
  1588 | D:3      | Gained mutation: You are frail. (-10% HP) [potion of mutation]
  1588 | D:3      | Gained mutation: You are resistant to hostile enchantments. (MR+) [potion of mutation]
  1588 | D:3      | Gained mutation: You are agile. (Dex +2) [potion of mutation]
  1634 | D:3      | Noticed Ijyb
  1647 | D:3      | Killed Ijyb
  1647 | D:3      | Reached skill level 5 in Spellcasting
  1647 | D:3      | Reached XP level 4. HP: 15/21 MP: 0/13
  1658 | D:3      | Learned a level 4 spell: Sticky Flame
  1906 | D:3      | Reached XP level 5. HP: 25/25 MP: 12/14
  2126 | D:3      | Found a shattered altar of Ashenzari.
  2468 | D:3      | Lost mutation: You are frail. (-10% HP) [potion of mutation]
  2468 | D:3      | Lost mutation: You are resistant to hostile enchantments. (MR+) [potion of mutation]
  2468 | D:3      | Gained mutation: Your mind is acute. (Int +2) [potion of mutation]
  2468 | D:3      | Gained mutation: Your movements are slightly less encumbered by armour. (ER -2) [potion of mutation]
  2468 | D:3      | Gained mutation: You are frail. (-10% HP) [potion of mutation]
  2468 | D:3      | Gained mutation: You have sharp toenails. [potion of mutation]
  2486 | D:3      | Found an iron altar of Okawaru.
  2584 | D:3      | Found a faded altar of an unknown god.
  3094 | D:4      | Found a basalt altar of Yredelemnul.
  3131 | D:4      | Found a shimmering altar of Xom.
  3188 | D:4      | Reached skill level 6 in Spellcasting
  3278 | D:4      | Found an ornate altar of the Wu Jian Council.
  3318 | D:4      | Reached XP level 6. HP: 25/29 MP: 5/17
  3438 | D:4      | Found a burning altar of Makhleb.
  3582 | D:4      | Got an encrusted halberd
  3583 | D:4      | Identified the +8 halberd of Strategic Superiority {venom, +Inv Int+7 Stlth-} (You found it on level 4 of the Dungeon)
  3630 | D:4      | Reached skill level 1 in Short Blades
  3688 | D:4      | Noticed braks's ghost (amateur DrTm)
  3705 | D:4      | Killed braks's ghost
  3705 | D:4      | Reached skill level 1 in Fighting
  3705 | D:4      | Reached skill level 1 in Armour
  3705 | D:4      | Reached skill level 7 in Spellcasting
  3705 | D:4      | Reached XP level 7. HP: 34/34 MP: 1/19
  3712 | D:4      | Learned a level 5 spell: Fireball
  3844 | D:4      | Reached skill level 5 in Fire Magic
  4027 | D:5      | Entered Level 5 of the Dungeon
  4140 | D:5      | Found a shadowy altar of Dithmenos.
  4236 | D:5      | Noticed a troll
  4255 | D:5      | Killed a troll
  4481 | D:5      | Learned a level 3 spell: Mephitic Cloud
  4565 | D:5      | Reached XP level 8. HP: 33/39 MP: 21/21
  4590 | D:5      | Lost mutation: Your mind is acute. (Int +2) [potion of mutation]
  4590 | D:5      | Lost mutation: You have sharp toenails. [potion of mutation]
  4590 | D:5      | Lost mutation: You are frail. (-10% HP) [potion of mutation]
  4590 | D:5      | Lost mutation: You are agile. (Dex +2) [potion of mutation]
  4590 | D:5      | Gained mutation: You are agile. (Dex +2) [potion of mutation]
  4590 | D:5      | Lost mutation: You are agile. (Dex +2) [potion of mutation]
  4590 | D:5      | Gained mutation: You are clumsy. (Dex -2) [potion of mutation]
  4590 | D:5      | Gained mutation: Your spells are a little harder to cast, but a little more powerful. [potion of mutation]
  5317 | D:6      | Found a bloodstained altar of Trog.
  5341 | D:6      | Found a staircase to the Ecumenical Temple.
  5354 | Temple   | Entered the Ecumenical Temple
  5665 | Temple   | Became a worshipper of Vehumet
  5823 | D:6      | Reached skill level 8 in Spellcasting
  5827 | D:6      | Reached skill level 1 in Air Magic
  5827 | D:6      | Reached skill level 1 in Poison Magic
  6329 | D:6      | Found a glowing silver altar of Zin.
  6543 | D:6      | Reached * piety under Vehumet
  6543 | D:6      | Offered knowledge of Shock by Vehumet.
  6645 | D:6      | Reached XP level 9. HP: 24/49 MP: 19/23
  6982 | D:7      | Reached skill level 9 in Spellcasting
  7088 | D:7      | Reached skill level 5 in Conjurations
  7109 | D:7      | Reached skill level 5 in Dodging
  7109 | D:7      | Reached skill level 1 in Evocations
  7274 | D:7      | Reached ** piety under Vehumet
  7537 | D:7      | Offered knowledge of Throw Frost by Vehumet.
  7541 | D:7      | Learned a level 2 spell: Throw Frost
  8001 | D:8      | Noticed Erica
  8006 | D:8      | Killed Erica
  8006 | D:8      | Reached skill level 1 in Ice Magic
  8006 | D:8      | Reached XP level 10. HP: 39/56 MP: 25/25
  8130 | D:8      | Reached skill level 10 in Spellcasting
  8132 | D:8      | Noticed a two-headed ogre
  8142 | D:8      | Killed a two-headed ogre
  8221 | D:8      | Offered knowledge of Dazzling Spray by Vehumet.
  8308 | D:8      | Found a deep blue altar of Sif Muna.
  8460 | D:8      | Reached *** piety under Vehumet
  9284 | D:9      | Identified a scroll of acquirement
  9288 | D:9      | Got a smoking ivory ring
  9290 | D:9      | Identified the ring of Baomoxek {rPois MR+ EV+2} (You acquired it on level 9 of the Dungeon)
  9358 | D:9      | Noticed Maurice
  9367 | D:9      | Killed Maurice
  9379 | D:9      | Lost mutation: Your movements are slightly less encumbered by armour. (ER -2) [potion of mutation]
  9379 | D:9      | Lost mutation: You are clumsy. (Dex -2) [potion of mutation]
  9379 | D:9      | Gained mutation: You can translocate small distances at will. [potion of mutation]
  9379 | D:9      | Gained mutation: You have a pair of small horns on your head. [potion of mutation]
  9525 | D:9      | Offered knowledge of Force Lance by Vehumet.
  9569 | D:9      | Found a staircase to the Lair.
  9809 | D:9      | Noticed MordorOrchid's ghost (novice SpAK)
 10391 | D:9      | Found an opulent altar of Gozag.
 10952 | Lair:1   | Entered Level 1 of the Lair of Beasts
 11032 | Lair:1   | Reached XP level 11. HP: 32/61 MP: 27/27
 11033 | Lair:1   | Noticed Gastronok
 11043 | Lair:1   | Reached skill level 11 in Spellcasting
 11055 | Lair:1   | Mangled by a blink frog

Vault maps used:
D:1:      dpeg_arrival_shelter
D:2:      glass_columns_b
D:3:      ashenzari_altar_1, first_ration,
          chequers_ecumenical_altar_simple_redux, roderic_batcave,
          okawaru_gym_becter, uniq_ijyb
D:4:      nicolae_overflow_hidden_temple, lemuel_round_altar,
          kennysheep_mini_moat, overflow_temple_1_default, serial_bayou_ford_a
D:5:      grunt_dithmenos_shadows
D:6:      kennysheep_housing_project, lemuel_crystal_altar, zin_treasury,
          temple_hall
D:7:      wad_lake_hut, corexii_leaking_fountain
D:8:      lemuel_coloured_pillars_altar, serial_ice, serial_ice_o, serial_ice_b,
          serial_ice_g, serial_ice_k, hangedman_pestilent_swarm, uniq_erica
D:9:      nicolae_gozag_seed_capital, dpeg_oklobed_lair, uniq_maurice
Temple:   minmay_temple_forest_path
Lair:1:   wad_woods_road_03, uniq_gastronok

Skill      XL: |  1  2  3  4  5  6  7  8  9 10 11 |
---------------+----------------------------------+-----
Spellcasting   | 4 5 6 7 8 9 10 11 | 11.0
Conjurations   | 2 3 4 5 6 |  6.2
Fire Magic     | 4 5 6 7 |  7.1
Short Blades   | 1 2 3 4 |  4.7
Dodging        | 3 4 5 6 |  6.6
Fighting       | 1 2 3 4 |  4.1
Armour         | 1 2 3 |  3.9
Air Magic      | 1 3 4 |  4.1
Poison Magic   | 2 3 4 |  4.3
Evocations     | 2 3 |  3.6
Ice Magic      | 1 3 |  3.1
Stealth        | |  2.4

Action                   |  1- 3 |  4- 6 |  7- 9 | 10-12 || total
-------------------------+-------+-------+-------+-------++-------
Melee: Dagger            |    10 |    19 |       |       ||    29
       Halberd           |       |       |   120 |    54 ||   174
       Headbutt          |       |       |       |     2 ||     2
 Cast: Flame Tongue      |    58 |    85 |    68 |    76 ||   287
       Throw Flame       |     5 |    12 |    33 |    31 ||    81
       Sticky Flame      |       |     3 |    13 |    15 ||    31
       Conjure Flame     |       |     1 |     5 |     7 ||    13
       Mephitic Cloud    |       |       |     1 |     1 ||     2
       Inner Flame       |       |       |       |     4 ||     4
       Throw Frost       |       |       |       |     2 ||     2
       Fireball          |       |       |       |     1 ||     1
 Abil: Evoke Invisibilit |       |       |       |     1 ||     1
Evoke: Wand              |       |       |       |     1 ||     1
  Use: Scroll            |     5 |     2 |     4 |     8 ||    19
       Potion            |     1 |     1 |     2 |     5 ||     9
 Stab: Sleeping          |     5 |     4 |     2 |     1 ||    12
       Distracted        |       |       |     1 |       ||     1
  Eat: Chunk             |     2 |     4 |     9 |     8 ||    23
       Ration            |       |     1 |     1 |     1 ||     3
Armor: Robe              |     4 |    16 |    16 |     5 ||    41
Dodge: Dodged            |    27 |    37 |    82 |    68 ||   214

Table legend:
 A = Spawn XP
 B = Non-spawn XP
 C = Spawn XP percentage of total XP
 D = Spawn monster count
 E = Non-spawn monster count
 F = Spawn count percentage of total count
 G = Total turns spent on level
                    A         B        C        D         E        F      G
               +---------+---------+-------+---------+---------+-------+---------
         Total |       0 |   11801 |   0.0 |       0 |     240 |   0.0 | 11055
               +---------+---------+-------+---------+---------+-------+---------
           D:1 |       0 |      49 |   0.0 |       0 |      24 |   0.0 |  1103
           D:2 |       0 |      42 |   0.0 |       0 |      13 |   0.0 |   509
           D:3 |       0 |     203 |   0.0 |       0 |      29 |   0.0 |  1526
           D:4 |       0 |     602 |   0.0 |       0 |      21 |   0.0 |   897
           D:5 |       0 |     564 |   0.0 |       0 |      11 |   0.0 |   985
           D:6 |       0 |    1434 |   0.0 |       0 |      41 |   0.0 |  1624
           D:7 |       0 |    1751 |   0.0 |       0 |      36 |   0.0 |  1039
           D:8 |       0 |    3478 |   0.0 |       0 |      29 |   0.0 |  1758
           D:9 |       0 |    2376 |   0.0 |       0 |      30 |   0.0 |  1150
        Lair:1 |       0 |    1302 |   0.0 |       0 |       6 |   0.0 |   103
               +---------+---------+-------+---------+---------+-------+---------
